 Dungeon Crawl Stone Soup version 0.30.1-11-g7821555f0a (webtiles) character file.

Game seed: 12194376856786231119

865 bnorton916 the Magician (level 7, -3/36 HPs)
             Began as a Deep Elf Fire Elementalist on Dec 4, 2023.
             Slain by a water moccasin (8 damage)
             ... on level 4 of the Dungeon.
             The game lasted 00:09:19 (8007 turns).

bnorton916 the Magician (DEFE)                      Turns: 8007, Time: 00:09:19

Health: -3/36      AC:  6    Str:  5    XL:     7   Next: 72%
Magic:  14/19      EV: 12    Int: 22    God:
Gold:   238        SH:  0    Dex: 15    Spells: 10/20 levels left

rFire   . . .        q - +2 dagger (speed)
rCold   . . .        (no shield)
rNeg    . . .        a - +0 robe
rPois   .            f - +1 helmet
rElec   .            n - +1 cloak
rCorr   .            (no gloves)
SInv    .            (no boots)
Will    .....        e - amulet of regeneration
Stlth   ++           (no ring)
HPRegen 1.06/turn    (no ring)
MPRegen 0.16/turn

%: no passive effects
@: lethally poisoned (-3 -> -5)
A: no striking features
a: no special abilities


You were on level 4 of the Dungeon.
You visited 1 branch of the dungeon, and saw 5 of its levels.
You also visited: Sewer.

You collected 238 gold pieces.

Inventory:

Hand Weapons
 l - a +0 sling of electrocution
 q - a +2 dagger of speed (weapon)
Missiles
 i - 6 poisoned darts
Armour
 a - a +0 robe (worn)
 f - a +1 helmet (worn)
 n - a +1 cloak (worn)
Jewellery
 e - an amulet of regeneration (around neck)
Wands
 t - a wand of flame (12)
 w - a wand of digging (1)
Scrolls
 c - a scroll of vulnerability
 h - 2 scrolls of fog
 k - a scroll of amnesia {unknown}
 m - 2 scrolls of identify
 p - a scroll of poison {unknown}
 r - a scroll of enchant armour {unknown}
 s - a scroll of enchant weapon {unknown}
 u - a scroll of immolation {unknown}
 x - a scroll of teleportation
Potions
 b - 3 potions of magic
 d - 6 potions of curing
 g - a potion of lignification {unknown}
 j - 7 potions of flight
 o - 2 potions of attraction {unknown}
 v - a potion of haste {unknown}
 z - 3 potions of heal wounds {unknown}


   Skills:
 - Level 2.4 Dodging
 - Level 2.4 Stealth
 + Level 7.2 Spellcasting
 + Level 5.5 Conjurations
 + Level 6.4 Fire Magic


You had 10 spell levels left.
You knew the following spells:

 Your Spells              Type           Power      Damage    Failure   Level
a - Foxfire               Conj/Fire      100%       2x1d9     1%          1
b - Scorch                Fire           72%        2d8       1%          2
c - Volatile Blastmotes   Fire/Tloc      44%        2d13      6%          3
d - Flame Wave            Conj/Fire      34%        2d10      7%          4

Your spell library contained the following spells:

 Spells                   Type           Power      Damage    Failure   Level
 Inner Flame              Hex/Fire       22%        N/A       6%          3
 Ensorcelled Hibernation  Hex/Ice        16%        N/A       12%         2
 Spider Form              Tmut/Pois      8%         N/A       24%         3
 Anguish                  Hex/Necr       4%         N/A       63%         4


Dungeon Overview and Level Annotations

Branches:
Dungeon (5/15)              Sewer (visited)
 Temple: D:4-7

Altars:
Trog
The Shining One

Shops:
D:1 (

Annotations:
D:3 1 runed translucent door, Crazy Yiuf
D:4 3 runed translucent doors, ChrisAssaf's ghost, amateur DjFE; auo's ghost, amateur OgTm
D:5 Blork the orc


Message History

The water moccasin's fire resistance burns away.
The water moccasin closely misses you. The water moccasin bites you.
You are poisoned.
The water moccasin poisons you! The water moccasin bites you.
You are more poisoned.
The water moccasin poisons you!
You feel very sick. The water moccasin bites you.
You are lethally poisoned!
The water moccasin poisons you!
You climb upwards.
Level annotation: 3 runed translucent doors, ChrisAssaf's ghost, amateur DjFE; auo's ghost, amateur OgTm
* * * LOW HITPOINT WARNING * * *
You feel extremely sick.
There is a stone staircase leading down here.
Unknown command.
Unknown command.
It was a potion of curing.
You feel better.
The water moccasin is no longer more vulnerable to fire.
The water moccasin bites you. The water moccasin closely misses you.
Casting: Scorch (safe; 1% risk of failure)
Confirm with . or Enter, or press ? or * to list all spells.
Flames lash the water moccasin.
The water moccasin is heavily wounded.
The water moccasin's fire resistance burns away.
The water moccasin bites you.
* * * LOW HITPOINT WARNING * * *
The water moccasin misses you.
Casting: Scorch (safe; 1% risk of failure)
Confirm with . or Enter, or press ? or * to list all spells.
Flames lash the water moccasin.
The water moccasin is burned terribly!
The water moccasin is almost dead.
The water moccasin bites you.
* * * LOW HITPOINT WARNING * * *
You are poisoned.
The water moccasin poisons you! The water moccasin closely misses you.
You feel very sick. The water moccasin bites you!
You die...

############
...........#
##.####..#.#
~###~~##'..#######
.'~~~~~)#.'.....@#
~'~~~~)~#.##.###S#
~###~~##'.##.# #.#
##.####...##.# #.#
..........##.# #.#
.##.......##.###.#
.##.......##..##.#
..#..<....##..##.##
..#...............#


You could see a water moccasin (combustible).

Vanquished Creatures
  Eustachio (D:4)
  A phantom (D:4)
  A bullfrog (D:5)
  3 jellies
  4 hounds
  An iguana (D:5)
  Ijyb (D:3)
  A gnoll (D:4)
  12 adders
  6 river rats (Sewer)
  2 shadow imps (D:5)
  5 worms
  4 dart slugs
  3 orcs
  14 ball pythons
  13 bats
  6 endoplasms
  3 giant cockroaches
  9 goblins
  9 hobgoblins
  10 jackals
  3 kobolds
  9 quokkas
  A frilled lizard (D:3)
  2 goblin zombies (D:5)
  2 hobgoblin zombies (D:5)
  3 kobold skeletons (D:5)
  2 orc skeletons (D:5)
  2 orc zombies (D:5)
  2 rats
135 creatures vanquished.

Vanquished Creatures (others)
  A wizard (D:4)
  573 foxfires
574 creatures vanquished.

Grand Total: 709 creatures vanquished

Notes
Turn   | Place    | Note
-------+----------+-------------------------------------------
     0 | D:1      | bnorton916 the Deep Elf Fire Elementalist began the quest
                  | for the Orb.
     0 | D:1      | Reached XP level 1. HP: 10/10 MP: 6/6
   270 | D:1      | Found Ewelolal's Antique Weapon Shoppe.
   362 | D:1      | Reached XP level 2. HP: 15/15 MP: 6/8
  1133 | D:2      | Reached XP level 3. HP: 19/19 MP: 7/10
  1136 | D:2      | Learned a level 2 spell: Scorch
  1787 | D:2      | Reached skill level 4 in Spellcasting
  2248 | D:2      | Reached XP level 4. HP: 24/24 MP: 6/12
  2581 | D:3      | Found a faded altar of an unknown god.
  3041 | D:3      | Noticed Ijyb
  3053 | D:3      | Killed Ijyb
  3054 | D:3      | Reached XP level 5. HP: 15/28 MP: 3/14
  3363 | D:3      | Reached skill level 5 in Spellcasting
  4168 | D:3      | Found a runed translucent door.
  4169 | D:3      | Noticed Crazy Yiuf
  4246 | D:4      | Found a bloodstained altar of Trog.
  4317 | D:4      | Found a glowing drain.
  4331 | Sewer    | Entered a sewer
  4666 | Sewer    | Reached skill level 5 in Fire Magic
  4926 | Sewer    | Reached XP level 6. HP: 24/32 MP: 14/16
  6314 | D:4      | Noticed Eustachio
  6458 | D:4      | Killed Eustachio
  6459 | D:4      | Reached skill level 6 in Spellcasting
  6459 | D:4      | Reached XP level 7. HP: 36/36 MP: 4/18
  6861 | D:4      | Reached skill level 5 in Conjurations
  7148 | D:4      | Noticed a wizard
  7150 | D:4      | Killed a wizard
  7174 | D:4      | Found a runed translucent gate.
  7175 | D:4      | Found a runed translucent gate.
  7194 | D:4      | Found a runed translucent gate.
  7195 | D:4      | Noticed ChrisAssaf's ghost (amateur DjFE)
  7195 | D:4      | Noticed auo's ghost (amateur OgTm)
  7309 | D:5      | Entered Level 5 of the Dungeon
  7358 | D:5      | Reached skill level 7 in Spellcasting
  7374 | D:4      | Learned a level 3 spell: Volatile Blastmotes
  7379 | D:4      | Learned a level 4 spell: Flame Wave
  7586 | D:5      | Found a glowing golden altar of the Shining One.
  7904 | D:5      | Noticed Blork the orc
  8007 | D:4      | Slain by a water moccasin

Illustrated notes

Levels and vault maps discovered:
D:1:      onia_arrival_mini_spirals, layout_basic, serial_shops, shop
D:2:      layout_basic, hex_tiny
D:3:      minmay_recursive_quarters, layout_rooms,
          shapermc_ecumenical_altar_totnotflames, st_stairs_3,
          dk_noncrumbling_4, uniq_ijyb, uniq_crazy_yiuf_cottage
D:4:      layout_basic, trog_wizard, gup_sewer_entry_bowl,
          gammafunk_ghost_cemetery, minmay_ruptured, uniq_eustachio
D:5:      layout_cave_pools, lemuel_zombie_altar_yredelemnul, fedhas_altar_3,
          gammafunk_temple_overflow_statue, nicolae_tso_besieged_by_evil,
          mainiacjoe_overflow_concentric_impassable, lemuel_tele_altar,
          corexii_shack, uniq_edmund, uniq_blork_the_orc, uniq_sigmund,
          uniq_duvessa

Skill      XL: |  1  2  3  4  5  6  7 |
---------------+----------------------+-----
Conjurations   | 2 3 4 5 |  5.5
Spellcasting   | 4 5 6 7 |  7.2
Fire Magic     | 4 5 6 |  6.4
Dodging        | |  2.4
Stealth        | |  2.4

Action                     |  1- 3 |  4- 6 |  7- 9 || total
---------------------------+-------+-------+-------++-------
  Melee: Dagger            |       |     7 |       ||     7
   Cast: Foxfire           |    95 |   147 |    88 ||   330
         Scorch            |     1 |    23 |    11 ||    35
    Use: Scroll            |       |     6 |       ||     6
         Potion            |       |       |     1 ||     1
 Armour: Robe              |     1 |    30 |     4 ||    35
  Dodge: Dodged            |    10 |    66 |    13 ||    89
